 Dungeon Crawl Stone Soup version 0.31.0-11-ge490571c62 (webtiles) character file.

Game seed: 7640833607196336471

919 Arcadio the Thaumaturge (level 7, 0/36 HPs)
             Began as a Deep Elf Conjurer on Jan 29, 2024.
             Was an Initiate of Sif Muna.
             Slain by Prince Ribbit (7 damage)
             ... on level 7 of the Dungeon.
             The game lasted 00:10:18 (6350 turns).

Arcadio the Thaumaturge (Deep Elf Conjurer)         Turns: 6350, Time: 00:10:18

Health: 0/36       AC:  4    Str:  4    XL:     7   Next: 83%
Magic:  17/21      EV: 12    Int: 25    God:    Sif Muna [......]
Gold:   392        SH:  0    Dex: 13    Spells: 12/23 levels left

rFire   . . .        y - +0 rapier
rCold   . . .        (no shield)
rNeg    . . .        a - +0 robe
rPois   .            (no helmet)
rElec   .            n - +0 cloak
rCorr   .            h - +0 pair of gloves
SInv    .            (no boots)
Will    .....        o - amulet of regeneration
Stlth   ++           (no ring)
HPRegen 1.06/turn    (no ring)
MPRegen 0.17/turn

%: no passive effects
@: no status effects
A: no striking features
a: Renounce Religion


You were on level 7 of the Dungeon.
You worshipped Sif Muna.
Sif Muna was noncommittal.
You visited 2 branches of the dungeon, and saw 8 of its levels.

You collected 392 gold pieces.

Inventory:

Hand Weapons
 f - a +0 dagger
 y - a +0 rapier (weapon)
 z - a +2 dagger of holy wrath
Armour
 a - a +0 robe (worn)
 h - a +0 pair of gloves (worn)
 n - a +0 cloak (worn)
Jewellery
 o - an amulet of regeneration (around neck)
 s - a ring of ice
 w - a ring of fire
 F - an amulet of magic regeneration
Wands
 x - a wand of flame (1)
 E - a wand of charming (2)
Scrolls
 e - a scroll of fear {unknown}
 j - a scroll of amnesia {unknown}
 m - 2 scrolls of torment
 p - a scroll of summoning {unknown}
 v - 2 scrolls of poison
 A - a scroll of brand weapon {unknown}
 B - 3 scrolls of teleportation {unknown}
 C - a scroll of enchant weapon {unknown}
Potions
 b - a potion of magic
 c - 3 potions of attraction
 d - 3 potions of curing
 g - 2 potions of haste
 i - a potion of lignification
 k - 2 potions of mutation
 l - a potion of invisibility
 q - a potion of degeneration {unknown}
 t - a potion of experience {unknown}
 u - a potion of heal wounds {unknown}
 D - a potion of resistance {unknown}
 G - a potion of berserk rage {unknown}


   Skills:
 + Level 2.8 Dodging
 - Level 2.4 Stealth
 + Level 8.7 Spellcasting
 + Level 8.2 Conjurations


You had 12 spell levels left.
You knew the following spells:

 Your Spells              Type           Power      Damage    Failure   Level
a - Magic Dart            Conj           100%       1d8       1%          1
b - Searing Ray           Conj           100%       2d8       1%          2
c - Fulminant Prism       Conj/Alch      15%        3d10      11%         4
d - Iskenderun's Mystic   Conj/Tloc      31%        2d8       11%         4

Your spell library contained the following spells:

 Spells                   Type           Power      Damage    Failure   Level


Dungeon Overview and Level Annotations

Branches:
Dungeon (7/15)             Temple (1/1) D:5

Altars:
Ashenzari
Cheibriados
Dithmenos
Elyvilon
Fedhas
Gozag
Hepliaklqana
Kikubaaqudgha
Makhleb
Nemelex Xobeh
Okawaru
Qazlal
Ru
Sif Muna
Trog
Uskayaw
Vehumet
Wu Jian
Xom
Yredelemnul
Zin
The Shining One

Shops:
D:1 [

Annotations:
D:7 Prince Ribbit
Temple 2 transporters


Message History

r - 2 scrolls of identify (gained 1)
There is a stone staircase leading down here.
You see here a +0 ring mail.
G - an amethyst potion You see here a +0 robe.
Done exploring.
As you read the scroll of identify, it crumbles to dust.
k - 2 potions of mutation
As you read the scroll of identify, it crumbles to dust.
l - a potion of invisibility
Okay, then.
This spell is quite dangerous to cast!
You start memorising the spell.
You continue memorising. x4
You finish memorising.
Spell assigned to 'c'.
This spell is quite dangerous to cast!
You start memorising the spell.
You continue memorising. x4
You finish memorising.
Spell assigned to 'd'.
Done exploring.
There is a stone staircase leading down here.
You climb downwards.
There is a stone staircase leading up here.
Prince Ribbit comes into view.
Casting: Searing Ray (safe; 1% risk of failure)
Confirm with . or Enter, or press ? or * to list all spells.
Aiming: Searing Ray (safe; 1% risk of failure)
Press: ? - help, Shift-Dir - straight line, f - Prince Ribbit
Aim: Prince Ribbit (asleep, 100% to hit)
The searing ray hits Prince Ribbit!
Prince Ribbit is lightly wounded.
Prince Ribbit gives a loud, deep croak! (Press . to maintain the ray.)
The searing ray misses Prince Ribbit.
Prince Ribbit hits you!
The searing ray hits Prince Ribbit!
Prince Ribbit is heavily wounded.
Prince Ribbit hits you!
* * * LOW HITPOINT WARNING * * *
Okay, then.
Prince Ribbit attacks as he pursues you!
Prince Ribbit closely misses you. Prince Ribbit hits you!
You die...

####
###...#
#.F...#
#@#...#
#.##.##
#.# ...
..# ###
###


You could see Prince Ribbit.

Vanquished Creatures
  A kobold brigand (D:6)
  A bullfrog (D:6)
  2 howler monkeys
  A crimson imp (D:3)
  2 bombardier beetles
  6 hounds
  Crazy Yiuf (D:4)
  An orc priest (D:4)
  A sleepcap (D:3)
  2 iguanas (D:5)
  An orc wizard (D:5)
  Robin (D:4)
  10 adders
  2 ufetubi (D:6)
  2 ribbon worms
  3 dart slugs
  18 orcs
  8 bats
  10 endoplasms
  5 giant cockroaches
  12 goblins
  12 hobgoblins
  4 jackals (D:1)
  2 quokkas (D:4)
  9 ball pythons
  A frilled lizard (D:2)
  15 kobolds
  6 rats
139 creatures vanquished.

Notes
Turn   | Place    | Note
-------+----------+-------------------------------------------
     0 | D:1      | Arcadio the Deep Elf Conjurer began the quest for the Orb.
     0 | D:1      | Reached XP level 1. HP: 10/10 MP: 6/6
   314 | D:1      | Reached XP level 2. HP: 15/15 MP: 3/8
   494 | D:1      | Learned a level 2 spell: Searing Ray
   600 | D:1      | Found Gakeg's Antique Armour Shop.
  1094 | D:2      | Reached skill level 5 in Conjurations
  1094 | D:2      | Reached XP level 3. HP: 19/19 MP: 8/10
  1899 | D:3      | Reached XP level 4. HP: 24/24 MP: 7/12
  2027 | D:3      | Reached skill level 5 in Spellcasting
  2641 | D:3      | Found a radiant altar of Vehumet.
  2646 | D:3      | Reached XP level 5. HP: 28/28 MP: 9/15
  2648 | D:3      | Found a burning altar of Makhleb.
  3101 | D:4      | Noticed Robin
  3112 | D:4      | Killed Robin
  3341 | D:4      | Reached XP level 6. HP: 22/32 MP: 6/17
  4158 | D:4      | Found a bloodstained altar of Trog.
  4536 | D:4      | Found a runed translucent door.
  4537 | D:4      | Noticed Crazy Yiuf
  4639 | D:4      | Killed Crazy Yiuf
  4686 | D:5      | Entered Level 5 of the Dungeon
  5143 | D:5      | Reached XP level 7. HP: 36/36 MP: 11/19
  5267 | D:5      | Found a staircase to the Ecumenical Temple.
  5276 | Temple   | Found a transporter.
  5276 | Temple   | Found a transporter.
  5276 | Temple   | Found a transporter.
  5276 | Temple   | Found a transporter.
  5276 | Temple   | Entered the Ecumenical Temple
  5293 | Temple   | Became a worshipper of Sif Muna the Loreminder
  6317 | D:6      | Learned a level 4 spell: Fulminant Prism
  6322 | D:6      | Learned a level 4 spell: Iskenderun's Mystic Blast
  6346 | D:7      | Noticed Prince Ribbit
  6350 | D:7      | Slain by Prince Ribbit

Illustrated notes

Levels and vault maps discovered:
D:1:      wander_arrival_peaceful_grave, layout_basic, serial_shops, shop,
          minmay_statues_item, nrook_mini_backslash,
          chequers_serial_rivers_micro_e
D:2:      layout_rooms, chequers_big_river
D:3:      minmay_diamond_boxcup, layout_basic,
          grunt_temple_overflow_lords_of_destruction
D:4:      layout_loops_corners, trog_hazing_becter, minmay_misc_feat_cross,
          uniq_crazy_yiuf_cottage, uniq_robin
D:5:      layout_basic, minmay_temple_entry_arrows
D:6:      layout_rooms
D:7:      layout_loops_cross, serial_bayou, serial_bayou_pond_e,
          serial_bayou_shore_a, serial_bayou_lake_a, serial_bayou_shore_b,
          serial_shops, shop, nicolae_shop_scrapyard, uniq_prince_ribbit1
Temple:   hellmonk_temple_divided_pantheon

Skill      XL: |  1  2  3  4  5  6  7 |
---------------+----------------------+-----
Spellcasting   | 4 5 6 7 8 |  8.7
Conjurations   | 5 6 7 8 |  8.2
Dodging        | |  2.8
Stealth        | |  2.4

Action                     |  1- 3 |  4- 6 |  7- 9 || total
---------------------------+-------+-------+-------++-------
  Melee: Dagger            |    21 |    14 |       ||    35
         Rapier            |       |    20 |     5 ||    25
   Cast: Magic Dart        |    44 |     3 |       ||    47
         Searing Ray       |    15 |    71 |    20 ||   106
    Use: Scroll            |       |     7 |     2 ||     9
   Stab: Sleeping          |     2 |       |     1 ||     3
 Armour: Robe              |    13 |    49 |    18 ||    80
  Dodge: Dodged            |    41 |    39 |    12 ||    92
